 Dungeon Crawl Stone Soup version 0.30-a0-800-g7c544603b3 (webtiles) character file.

Game seed: 11529830330508153876

262708 browni3141 the Unseen (level 20, -12/128 HPs)
             Began as an Octopode Fighter on Feb 22, 2023.
             Was an Initiate of Gozag.
             Mangled by a tentacled starspawn (29 damage)
             ... on level 2 of the Abyss.
             The game lasted 03:00:27 (57954 turns).

browni3141 the Unseen (Octopode Fighter)           Turns: 57954, Time: 03:00:28

Health: -12/128    AC: 14    Str: 11      XL:     20   Next: 0%
Magic:  44/44      EV: 28    Int: 30 (34) God:    Gozag
Gold:   2096       SH: 19    Dex: 22      Spells: 2/39 levels left

rFire   + . .      SeeInvis +    Y - +3 demon blade "Onwipnim" {venom, *Noise rElec rPois Int+4}
rCold   + + .      Faith    .    b - +5 kite shield {AC+3}
rNeg    + . .      Spirit   .    M - +3 hat of Pondering {ponderous, Will+ MP+10 Int+5}
rPois   +          Reflect  .    J - amulet of the acrobat
rElec   +          Harm     .    m - +6 ring of intelligence
rCorr   +          Rampage  .    k - +5 ring of evasion
Will    ++...                    y - +7 ring of protection
Stlth   +++++++++                V - ring of positive energy
HPRegen 0.41/turn                X - +4 ring of slaying
MPRegen 0.29/turn                D - ring of protection from cold
                                 a - ring "Jiesos" {rPois rF+ rCorr}
                                 E - ring of Inafe {rC+ Str-4 Dex+6 SInv Stlth+}

@: gold aura, studying 2 skills, slow
A: almost no armour, amphibious, 8 rings, camouflage 1, gelatinous body 1,
(nimble swimmer 1), tentacles, agile 1, clever 1, deterioration 1, frail 1
}: 2/15 runes: serpentine, barnacled
a: Renounce Religion, Potion Petition, Call Merchant, Bribe Branch


You were on level 2 of the Abyss.
You worshipped Gozag.
Gozag was most pleased with you.
You visited 8 branches of the dungeon, and saw 36 of its levels.
You visited the Abyss 1 time.
You also visited: Ossuary, Bailey and Ice Cave.

You collected 14442 gold pieces.
You spent 7984 gold pieces at shops.
You paid 4362 gold pieces to Gozag.

Inventory:

Hand Weapons
 Y - the +3 demon blade "Onwipnim" (weapon) {venom, *Noise rElec rPois Int+4}
   (You acquired it on level 12 of the Dungeon)

   Int:       It affects your intelligence (+4).
   rElec:     It insulates you from electricity.
   rPois:     It protects you from poison.
   *Noise:    It may make noises in combat.
Missiles
 w - 8 throwing nets
 R - 3 curare-tipped darts
Armour
 b - a +5 kite shield of protection (worn)
 M - the +3 hat of Pondering (worn) {ponderous, Will+ MP+10 Int+5}
   (You took it off Gastronok on level 8 of the Dungeon)

   Int:       It affects your intelligence (+5).
   MP:        It affects your magic capacity (+10).
   Will:      It increases your willpower.
Magical Staves
 U - a staff of air
Jewellery
 a - the ring "Jiesos" (on tentacle) {rPois rF+ rCorr}
   (You found it on level 10 of the Dungeon)

   [ring of resist corrosion]

   rF:        It protects you from fire.
   rPois:     It protects you from poison.
   rCorr:     It protects you from acid and corrosion.
 k - a +5 ring of evasion (right tentacle)
 m - a +6 ring of intelligence (left tentacle)
 y - a +7 ring of protection (on tentacle)
 D - a ring of protection from cold (on tentacle)
 E - the ring of Inafe (on tentacle) {rC+ Str-4 Dex+6 SInv Stlth+}
   (You found it on level 2 of the Snake Pit)

   [ring of dexterity]

   Str:       It affects your strength (-4).
   Dex:       It affects your dexterity (+6).
   rC:        It protects you from cold.
   SInv:      It lets you see invisible.
   Stlth:     It makes you more stealthy.
 J - an amulet of the acrobat (around mantle)
 V - a ring of positive energy (on tentacle)
 W - a ring of magical power
 X - a +4 ring of slaying (on tentacle)
Wands
 q - a wand of light (14)
 v - a wand of iceblast (3)
 F - a wand of charming (13)
 G - a wand of polymorph (13)
 K - a wand of mindburst (17)
Scrolls
 f - 12 scrolls of teleportation
 g - 9 scrolls of fog
 h - 4 scrolls of magic mapping
 i - 6 scrolls of enchant weapon
 n - a scroll of summoning
 o - a scroll of brand weapon
 r - 5 scrolls of blinking
 t - 4 scrolls of fear
 u - a scroll of immolation
 x - 2 scrolls of silence
 I - 6 scrolls of poison
 N - 2 scrolls of enchant armour
 S - 3 scrolls of vulnerability
 T - 15 scrolls of identify
Potions
 c - 6 potions of might
 d - 6 potions of attraction
 e - a potion of heal wounds
 j - 12 potions of haste
 l - 10 potions of curing
 p - 5 potions of brilliance
 s - 5 potions of berserk rage
 z - 6 potions of ambrosia
 A - 10 potions of flight
 B - 8 potions of mutation
 C - 2 potions of magic
 H - 9 potions of lignification
 O - 3 potions of cancellation
 Z - a potion of invisibility
Miscellaneous
 L - a piece from Xom's chessboard (15/15)
 P - a box of beasts
 Q - a lightning rod (4/4)


   Skills:
 - Level 14.0 Fighting
 - Level 9.0 Long Blades
 - Level 1.0 Throwing
 * Level 14.1 Dodging
 * Level 16.4 Stealth
 - Level 12.0 Shields
 * Level 0.0 Unarmed Combat
 - Level 10.0 Spellcasting
 - Level 6.0 Summonings
 - Level 3.0 Translocations
 - Level 15.0 Transmutations
 - Level 5.0 Ice Magic
 * Level 9.9 Air Magic
 - Level 14.0 Poison Magic
 - Level 10.0 Evocations


You had 2 spell levels left.
You knew the following spells:

 Your Spells              Type           Power      Damage    Failure   Level
a - Ozocubu's Armour      Ice            45%        N/A       2%          3
b - Sting                 Tmut/Pois      100%       1d8       1%          1
c - Poisonous Vapours     Pois/Air       100%       N/A       1%          2
d - Olgreb's Toxic Radia  Pois           78%        N/A       1%          4
e - Alistair's Intoxicat  Tmut/Pois      53%        N/A       1%          5
f - Blink                 Tloc           66%        N/A       3%          2
g - Summon Ice Beast      Ice/Summ       48%        N/A       8%          4
h - Eringya's Noxious Bo  Tmut/Pois      40%        N/A       2%          6
i - Apportation           Tloc           66%        N/A       1%          1
j - Lesser Beckoning      Tloc           66%        N/A       3%          2
k - Storm Form            Tmut/Air       37%        N/A       36%         7

Your spell library contained the following spells:

 Spells                   Type           Power      Damage    Failure   Level
 Freeze                   Ice            100%       1d10      1%          1
 Shock                    Conj/Air       100%       1d9       1%          1
 Summon Small Mammal      Summ           100%       N/A       1%          1
 Cigotuvi's Dreadful Rot  Necr/Pois/Air  100%       N/A       1%          2
 Passwall                 Tmut/Erth      46%        N/A       1%          2
 Static Discharge         Conj/Air       88%        2-6/arc   1%          2
 Wereblood                Tmut           81%        N/A       1%          2
 Momentum Strike          Conj/Tloc      48%        3d9       6%          2
 Foxfire                  Conj/Fire      60%        2x1d7     7%          1
 Necrotise                Necr           60%        1d7       7%          1
 Sandblast                Erth           30%        2d9       7%          1
 Sublimation of Blood     Necr           15%        N/A       11%         2
 Mephitic Cloud           Conj/Pois/Air  58%        N/A       1%          3
 Spider Form              Tmut/Pois      80%        N/A       1%          3
 Swiftness                Air            65%        N/A       1%          3
 Vhi's Electric Charge    Tloc/Air       100%       N/A       1%          3
 Airstrike                Air            32%        2d(5-21)  1%          4
 Frozen Ramparts          Ice            90%        1d14      2%          3
 Summon Lightning Spire   Summ/Air       58%        N/A       2%          4
 Hailstorm                Conj/Ice       30%        3d8       8%          3
 Portal Projectile        Hex/Tloc       48%        N/A       12%         3
 Stone Arrow              Conj/Erth      30%        3d8       22%         3
 Arcjolt                  Conj/Air       22%        1d32      26%         5
 Lightning Bolt           Conj/Air       22%        1d37      26%         5
 Summon Forest            Summ/Tloc      21%        N/A       30%         5
 Iskenderun's Mystic Bla  Conj/Tloc      24%        2d7       36%         4
 Summon Mana Viper        Hex/Summ       33%        N/A       50%         5
 Metabolic Englaciation   Hex/Ice        15%        N/A       56%         5
 Borgnjor's Vile Clutch   Necr/Erth      7%         N/A       89%         5
 Fireball                 Conj/Fire      7%         3d5       89%         5
 Monstrous Menagerie      Summ           25%        N/A       99%         7
 Summon Hydra             Summ           25%        N/A       99%         7
 Death Channel            Necr           7%         N/A       100%        6
 Starburst                Conj/Fire      7%         6d4       100%        6
 Malign Gateway           Summ/Tloc      21%        N/A       100%        7
 Spellforged Servitor     Conj/Summ      16%        N/A       100%        7
 Lehudib's Crystal Spear  Conj/Erth      7%         10d3      100%        8
 Maxwell's Capacitive Co  Air            32%        ∞         100%        8
 Summon Horrible Things   Summ           25%        N/A       100%        8
 Animate Armour           Summ/Erth      Unusable   N/A       N/A         4
 Animate Dead             Necr           Unusable   N/A       N/A         4
 Simulacrum               Ice/Necr       Unusable   N/A       N/A         6

Dungeon Overview and Level Annotations

Branches:
Dungeon (14/15)            Temple (1/1) D:5            Lair (5/5) D:8
 Shoals (4/4) Lair:3        Snake (4/4) Lair:2        Slime (4/5) Lair:4
    Orc (2/2) D:9             Elf (2/3) Orc:2       Ossuary (visited)
 Bailey (visited)           IceCv (visited)
 Vaults: D:13-14

Altars:
Ashenzari
Cheibriados
Dithmenos
Elyvilon
Fedhas
Gozag
Hepliaklqana
Kikubaaqudgha
Makhleb
Nemelex Xobeh
Okawaru
Qazlal
Ru
Sif Muna
Trog
Uskayaw
Vehumet
Wu Jian
Xom
Yredelemnul
Zin
The Shining One
Jiyva
Lugonu

Shops:
D:3 *!   D:7 :   D:8 *   D:9 (   D:10 (   Orc:2 :**   Elf:1 :   Lair:4 :
Shoals:1 (   Shoals:2 =   Shoals:3 *   Snake:1 ((

Portals:
Abyss: Lair:5

Annotations:
D:10 2 transporters, exclusion: ice statue, Pimp's ghost, journeyman DsFi
D:14 1 exclusion
Snake:2 2 transporters, Pacasmen's ghost, journeyman DsGl
Slime:4 Dissolution
Elf:2 4 runed doors


Innate Abilities, Weirdness & Mutations

You cannot wear most types of armour.
You are amphibious.
You can wear up to eight rings at the same time.
Your skin changes colour to match your surroundings (Stealth+).
Your rubbery body absorbs attacks. (AC +1, EV +1)
((You are camouflaged when in or above water. (Stealth+)))
You have tentacles for arms and can constrict up to eight enemies at once.
You are agile. (Dex +4, Str/Int -1)
Your mind is acute. (Int +4, Str/Dex -1)
Your body sometimes deteriorates upon taking damage.
You are frail. (-10% HP)


Message History

You block the tentacled starspawn's attack.
You slice the tentacled starspawn!!
Your demon blade "Onwipnim" says, "You can tell me everything!
I can keep a secret!"
Your tentacle-slap misses the tentacled starspawn.
The tentacled starspawn is heavily damaged.
You hear a deafening roar!
The tentacled starspawn bites you but does no damage.
You block the tentacled starspawn's attack.
You hit the tentacled starspawn.
The tentacled starspawn is heavily damaged.
Tentacles burst from the starspawn's body! 2 starspawn tentacles come into view.
You hit the tentacled starspawn. You squeeze the tentacled starspawn!
The tentacled starspawn is severely damaged.
The tentacled starspawn bites you!!
You block the tentacled starspawn's attack.
You are too injured to fight recklessly!
You completely miss the tentacled starspawn.
Your squeeze misses the tentacled starspawn.
The tentacled starspawn is severely damaged.
You block the tentacled starspawn's attack.
The tentacled starspawn misses you.
You barely miss the tentacled starspawn.
The tentacled starspawn is severely damaged.
The tentacled starspawn bites you!!
Your body deteriorates!
You feel dopey.
You block the tentacled starspawn's attack.
You barely miss the tentacled starspawn.
The tentacled starspawn is severely damaged.
The tentacled starspawn bites you!
* * * LOW HITPOINT WARNING * * *
You block the tentacled starspawn's attack.
You slash the tentacled starspawn!
The tentacled starspawn is severely damaged.
The small abomination hits you!
* * * LOW HITPOINT WARNING * * *
A pearl dragon comes into view.
The tentacled starspawn bites you!!
You die...
Your body crumbles into a pile of gold.

#. . #.... .##
. ..#. . # .#.
...##.. . # #.#
.....# ...
#...# ....#
....#...#
......#
#.....###Λ#....
. #...@X#│.
....
#..x##││x...#
##.w─#$wD#..#
..##... ..# ###
..#.## #..#.x.
.#.##... ##. .
#.#. ## x..#


You could see a pearl dragon, a tentacled starspawn, 2 small abominations and 2
starspawn tentacles.

Vanquished Creatures
  Vashnia (Snake:3)
  Nikola (Snake:4)
  Mlioglotl (Snake:3)
  Polyphemus (Shoals:3)
  Gastronok (D:8)
  5 acid blobs
  A tentacled starspawn (Abyss:2)
  Kirke (Lair:2)
  2 azure jellies
  9 nagarajas
  2 rockslimes
  A deep elf sorcerer (Elf:1)
  Donald (Snake:1)
  An orc warlord (Orc:2)
  Aizul (Snake:2)
  3 quicksilver oozes
  A deep elf demonologist (Elf:1)
  A deep elf annihilator (Elf:1)
  4 merfolk javelineers
  5 merfolk impalers
  4 great orbs of eyes
  2 catoblepae
  The ghost of Gymmif the Carver, a journeyman DsGl of Qazlal (Lair:3)
  A salamander tyrant (Snake:4)
  9 merfolk aquamancers
  A hydra (Lair:4)
  3 merfolk avatars
  4 alligator snapping turtles
  6 centaur warriors
  3 boulder beetles
  5 anacondas
  5 two-headed ogres
  5 satyrs
  12 naga warriors
  6 shock serpents
  13 naga sharpshooters
  5 thrashing horrors
  3 dancing weapons (Elf:1)
  3 orc high priests (Orc:2)
  10 death yaks
  A wretched star (Abyss:2)
  3 skysharks
  Sonja (Lair:1)
  5 deep elf knights (Elf:1)
  Amaemon (Lair:3)
  7 sea snakes
  5 salamander mystics
  2 fire crabs (Shoals:1)
  7 naga ritualists
  4 large abominations
  5 harpies (Shoals:3)
  6 orc knights
  4 deep elf archers (Elf:1)
  6 mana vipers
  Pikel (D:4)
  15 deep elf pyromancers
  A shining eye (Slime:2)
  18 fauns
  5 orc sorcerers
  13 deep elf zephyrmancers
  An ugly thing (D:11)
  13 manticores
  A manticore (shapeshifter) (D:14)
  5 cyclopes
  7 elephants (Lair:5)
  A moth of wrath (D:5)
  14 salamanders
  2 water nymphs (Shoals:1)
  10 merfolk sirens
  5 guardian serpents
  3 eyes of devastation
  6 cane toads
  4 smoke demons (Lair:5)
  38 black mambas
  3 gargoyles
  18 naga magi
  A torpor snail (Lair:2)
  An orange demon (Lair:3)
  Maggie (Lair:2)
  3 unseen horrors
  6 komodo dragons
  2 tengu conjurers (D:14)
  An efreet (D:13)
  A kobold demonologist (D:11)
  3 rime drakes
  3 freezing wraiths
  8 trolls
  An ancient zyme (Lair:5)
  A queen bee (D:10)
  3 wind drakes
  2 hornets
  38 merfolk
  A blink frog (shapeshifter) (Elf:1)
  2 polar bears
  22 blink frogs
  6 dream sheep
  12 snapping turtles
  92 slime creatures
  2 air elementals (Elf:1)
  3 ynoxinuls
  3 spriggans
  2 shadows (D:12)
  5 wyverns
  15 water elementals
  23 yaks
  A fire elemental (Elf:1)
  2 fire bats (Shoals:1)
  A steam dragon (Lair:3)
  5 hogs (Lair:3)
  5 golden eyes (Slime:1)
  5 basilisks
  3 chaos spawn
  Grum (D:9)
  5 vampire mosquitoes
  A neqoxec (Abyss:2)
  Menkaure (D:7)
  33 nagas
  3 hell hounds
  13 water moccasins
  31 orc warriors
  An ice beast (D:6)
  2 sky beasts
  3 black bears
  10 ogres
  18 wolves
  A boggart (Lair:3)
  13 centaurs
  11 starcursed masses (Abyss:2)
  3 phantoms
  3 lemures (D:4)
  2 kobold brigands
  4 necrophages
  14 bullfrogs
  An earth elemental (Elf:1)
  5 scorpions
  2 gnoll sergeants
  10 small abominations (Lair:5)
  18 wights
  42 killer bees
  7 howler monkeys
  A vampire bat (Lair:3)
  4 nameless horrors
  6 electric eels (D:5)
  5 hounds
  A gnoll bouda (D:4)
  24 orc priests
  4 iguanas
  27 orc wizards
  7 hell rats (Lair:4)
  9 mummies
  14 gnolls
  9 adders
  2 shadow imps (D:8)
  7 white imps
  2 ufetubi
  6 worms
  2 dart slugs
  87 orcs
  8 ball pythons
  11 bats
  8 endoplasms
  3 giant cockroaches
  3 gnoll zombies (Ossuary)
  8 goblins
  9 hobgoblins
  5 quokkas
  4 frilled lizards
  2 hobgoblin zombies
  24 kobolds
  2 kobold zombies (Ossuary)
  3 orc zombies
  6 rats
  3 starspawn tentacles (Abyss:2)
1244 creatures vanquished.

Vanquished Creatures (collateral kills)
  Jorgrun (Snake:3)
  A very ugly thing (IceCv)
  Azrael (Orc:2)
  3 hydras
  A two-headed ogre (D:9)
  An anaconda (Snake:3)
  A naga sharpshooter (Snake:3)
  A skyshark (Shoals:1)
  A deep elf pyromancer (D:12)
  3 shining eyes
  An ugly thing (D:12)
  3 elephants (Lair:5)
  2 smoke demons (Lair:5)
  A naga mage (Snake:2)
  2 cane toads (Lair:5)
  2 komodo dragons (Lair:4)
  3 rime drakes
  A freezing wraith (Snake:3)
  2 small abominations (Lair:5)
  3 blink frogs
  3 slime creatures
  2 yaks (Lair:2)
  A basilisk (Lair:4)
  2 fire elementals (Orc:2)
  2 nagas (Lair:2)
  2 water moccasins
  A black bear (Lair:2)
  A bullfrog (D:8)
  3 hell rats (Lair:4)
  2 orc wizards
53 creatures vanquished.

Vanquished Creatures (others)
  A merfolk aquamancer (Shoals:4)
  A black mamba (Snake:2)
  A rime drake (Lair:4)
  A troll (Orc:2)
  2 blink frogs (Lair:5)
  A shadow (D:9)
  A chaos spawn (Abyss:2)
  2 harpy simulacra (IceCv)
  A naga (Snake:4)
  38 fungi
  232 plants
  2 starspawn tentacles (Abyss:2)
  4 withered plants (D:9)
287 creatures vanquished.

Grand Total: 1584 creatures vanquished

Notes
Turn   | Place    | Note
-------+----------+-------------------------------------------
     0 | D:1      | browni3141 the Octopode Fighter began the quest for the
                  | Orb.
     0 | D:1      | Reached XP level 1. HP: 16/16 MP: 1/1
    42 | D:1      | Reached skill level 1 in Stealth
   123 | D:1      | Reached skill level 2 in Stealth
   143 | D:1      | Reached XP level 2. HP: 21/21 MP: 2/2
   185 | D:1      | Got the Reference Book on Combined Superposition
   352 | D:1      | Reached skill level 3 in Stealth
   541 | D:1      | Reached XP level 3. HP: 26/26 MP: 3/3
   822 | D:1      | Reached skill level 4 in Stealth
  1025 | D:2      | You fall into a shaft and drop 2 floors!
  1069 | D:4      | Noticed a lemure
  1152 | D:4      | Noticed a necrophage
  1200 | D:4      | Killed a necrophage
  1201 | D:4      | Reached XP level 4. HP: 13/31 MP: 4/4
  1324 | D:3      | Found a stormy altar of Qazlal.
  1449 | D:3      | Found Myjoid's Distillery.
  1493 | D:3      | Bought a potion of curing for 36 gold pieces
  1514 | D:3      | Reached XP level 5. HP: 24/36 MP: 5/5
  1798 | D:2      | Learned a level 3 spell: Ozocubu's Armour
  2204 | D:3      | Found an opulent altar of Gozag.
  2204 | D:3      | Found Gozag's Platinum Reserve.
  2276 | D:3      | Became a worshipper of Gozag Ym Sagoz the Greedy
  2570 | D:3      | Reached skill level 1 in Spellcasting
  2570 | D:3      | Reached skill level 1 in Ice Magic
  2809 | D:3      | Found a basalt altar of Yredelemnul.
  2930 | D:4      | Reached XP level 6. HP: 42/42 MP: 7/7
  3138 | D:4      | Reached skill level 5 in Long Blades
  3682 | D:4      | Noticed Pikel
  3804 | D:4      | Learned a level 1 spell: Sting
  3807 | D:4      | Learned a level 2 spell: Poisonous Vapours
  3827 | D:4      | Killed Pikel
  3828 | D:4      | Reached XP level 7. HP: 6/46 MP: 3/11
  3828 | D:4      | Reached XP level 8. HP: 6/52 MP: 3/12
  4059 | D:5      | Entered Level 5 of the Dungeon
  4176 | D:5      | Found a sand-covered staircase.
  4184 | Ossuary  | Entered an ossuary
  4403 | Ossuary  | Reached skill level 5 in Poison Magic
  4784 | D:5      | Found a snail-covered altar of Cheibriados.
  5155 | D:5      | Learned a level 4 spell: Olgreb's Toxic Radiance
  5314 | D:5      | Noticed a two-headed ogre
  5651 | D:6      | Reached XP level 9. HP: 21/56 MP: 8/13
  5982 | D:6      | Reached skill level 10 in Poison Magic
  6046 | D:6      | Found a hazy altar of Hepliaklqana.
  6201 | D:6      | Identified the +0 pair of gloves of the Heavens {rPois
                  | rCorr}
  6496 | D:6      | Found a burning altar of Makhleb.
  6717 | D:6      | Reached skill level 5 in Spellcasting
  7107 | D:7      | Reached skill level 5 in Ice Magic
  7118 | D:7      | Reached skill level 1 in Throwing
  7493 | D:7      | Reached skill level 5 in Stealth
  7498 | D:7      | Reached XP level 10. HP: 36/63 MP: 17/17
  7845 | D:7      | Found a glowing silver altar of Zin.
  7846 | D:7      | Noticed an angel
  7862 | D:7      | Found a shimmering altar of Xom.
  8098 | D:7      | Noticed Menkaure
  8288 | D:7      | Bought a book of Party Tricks for 208 gold pieces
  8294 | D:7      | Learned a level 5 spell: Alistair's Intoxication
  8419 | D:8      | Reached skill level 1 in Transmutations
  8427 | D:8      | Reached skill level 6 in Stealth
  8546 | D:8      | Found a staircase to the Lair.
  8549 | D:8      | Noticed Gastronok
  8568 | D:7      | Reached skill level 1 in Evocations
  8814 | D:8      | Found Kyfos's General Store.
  8817 | D:8      | Bought a wand of polymorph (7) for 117 gold pieces
  8817 | D:8      | Bought a wand of iceblast (8) for 230 gold pieces
  8817 | D:8      | Bought a scroll of poison for 48 gold pieces
  9687 | D:5      | Identified the +2 robe of Love and Death {Harm rF++ Dex-5
                  | Stlth+}
 10009 | D:5      | Learned a level 2 spell: Blink
 10478 | D:5      | Found a staircase to the Ecumenical Temple.
 10581 | D:5      | Noticed a moth of wrath
 10584 | D:5      | Found a bloodstained altar of Trog.
 10635 | D:5      | Killed a moth of wrath
 10636 | D:5      | Reached skill level 1 in Translocations
 11310 | Temple   | Entered the Ecumenical Temple
 11948 | D:8      | Reached skill level 7 in Stealth
 11950 | D:8      | Reached skill level 5 in Shields
 12360 | D:7      | Bought a book of Beasts for 494 gold pieces
 12425 | D:9      | Reached skill level 5 in Fighting
 12425 | D:9      | Reached skill level 5 in Dodging
 12429 | D:9      | Reached XP level 11. HP: 71/71 MP: 14/18
 12550 | D:9      | Found Bigyoxt's Weapon Shoppe.
 12550 | D:9      | Found a staircase to the Orcish Mines.
 12569 | D:9      | Noticed Grum
 12583 | D:9      | Killed Grum
 12810 | D:9      | Found a blossoming altar of Fedhas.
 12814 | D:9      | Found an ancient bone altar of Kikubaaqudgha.
 13071 | D:8      | Killed Gastronok
 13615 | D:9      | Noticed a two-headed ogre
 13804 | D:9      | Found a shimmering blue altar of Sif Muna.
 14060 | D:9      | Killed a two-headed ogre
 14280 | D:9      | Found a radiant altar of Vehumet.
 14284 | D:9      | Found a sparkling altar of Nemelex Xobeh.
 14484 | Orc:1    | Entered Level 1 of the Orcish Mines
 14484 | Orc:1    | Noticed an orc sorcerer
 14491 | Orc:1    | Killed an orc sorcerer
 14609 | Orc:1    | Noticed an orc knight
 14648 | Orc:1    | Killed an orc knight
 14649 | Orc:1    | Reached skill level 8 in Stealth
 14649 | Orc:1    | Reached skill level 5 in Evocations
 14904 | Orc:2    | Entered Level 2 of the Orcish Mines
 14994 | Orc:2    | Found a staircase to the Elven Halls.
 15044 | Orc:2    | Found a shimmering altar of Xom.
 15282 | Orc:2    | Noticed an orc warlord
 15291 | Orc:2    | Reached skill level 5 in Transmutations
 15445 | Orc:2    | Killed an orc warlord
 15446 | Orc:2    | Reached XP level 12. HP: 65/79 MP: 1/21
 16015 | Orc:2    | Noticed Azrael
 16017 | Orc:2    | Reached skill level 9 in Stealth
 16025 | Orc:2    | Killed Azrael
 16541 | Orc:1    | Reached skill level 10 in Stealth
 17000 | Orc:1    | Learned a level 4 spell: Summon Ice Beast
 17082 | Orc:2    | Reached skill level 1 in Summonings
 17096 | Orc:2    | Noticed an orc high priest
 17103 | Orc:2    | Noticed a sun demon
 17114 | Orc:2    | Noticed a soul eater
 17115 | Orc:2    | Killed an orc high priest
 17299 | Orc:2    | Noticed an orc high priest
 17445 | Orc:2    | Killed an orc high priest
 17686 | Orc:2    | Noticed an orc high priest
 17696 | Orc:2    | Killed an orc high priest
 17787 | Orc:2    | Noticed a sun demon
 18059 | Orc:2    | Found Sisouj's Assorted Antiques.
 18059 | Orc:2    | Found Uwocvum's Book Boutique.
 18060 | Orc:2    | Found Oczugam's Assorted Antiques.
 18060 | Orc:2    | Found Goghast's Distillery.
 18117 | Orc:2    | Bought a scroll of fear for 124 gold pieces
 18117 | Orc:2    | Bought a scroll of identify for 62 gold pieces
 18117 | Orc:2    | Bought a long silver wand for 124 gold pieces
 18117 | Orc:2    | Bought a lumpy inky potion for 27 gold pieces
 18119 | Orc:2    | Bought a viscous pink potion for 25 gold pieces
 18119 | Orc:2    | Bought a wand of light (2) for 235 gold pieces
 18127 | Orc:2    | Bought a potion of cancellation for 104 gold pieces
 18127 | Orc:2    | Bought a potion of lignification for 39 gold pieces
 18127 | Orc:2    | Bought a potion of haste for 130 gold pieces
 18127 | Orc:2    | Bought a potion of heal wounds for 65 gold pieces
 18127 | Orc:2    | Bought a potion of might for 52 gold pieces
 18127 | Orc:2    | Bought a potion of ambrosia for 104 gold pieces
 18127 | Orc:2    | Bought a potion of flight for 39 gold pieces
 18148 | Orc:2    | Bought a scroll of magic mapping for 210 gold pieces
 18148 | Orc:2    | Bought a potion of attraction for 84 gold pieces
 18242 | Lair:1   | Entered Level 1 of the Lair of Beasts
 18431 | Lair:1   | Noticed Sonja
 18689 | Lair:1   | Reached XP level 13. HP: 83/83 MP: 23/23
 19202 | Lair:1   | Killed Sonja
 20065 | Lair:2   | Noticed Maggie
 20075 | Lair:2   | Killed Maggie
 20331 | Lair:2   | Found a staircase to the Snake Pit.
 20581 | Lair:3   | Identified the +1 war axe "Fetrugiw" {heavy, *Rage rF+
                  | Int+3 Stlth+}
 20595 | Lair:3   | Noticed Kirke
 20598 | Lair:3   | Noticed a sphinx
 20762 | Lair:2   | Killed Kirke
 21571 | Lair:3   | Found a staircase to the Shoals.
 21630 | Lair:3   | Found a runed translucent door.
 21632 | Lair:3   | Noticed Gymmif's ghost (journeyman DsGl)
 21632 | Lair:3   | Identified the +9 spear "Vorad" {vamp, Int+4}
 21664 | Lair:3   | Noticed Amaemon
 21676 | Lair:3   | Killed Amaemon
 22980 | Lair:4   | Found a viscous altar of Jiyva.
 22980 | Lair:4   | Found a staircase to the Slime Pits.
 23418 | Lair:4   | Bought a Fen Folio for 630 gold pieces
 23448 | Lair:5   | Entered Level 5 of the Lair of Beasts
 23708 | Lair:5   | Reached XP level 14. HP: 40/98 MP: 13/24
 24198 | Lair:5   | Reached skill level 10 in Fighting
 24198 | Lair:5   | Reached skill level 10 in Dodging
 25484 | D:10     | Entered Level 10 of the Dungeon
 25486 | D:10     | Found Cualoov's Weapon Boutique.
 25722 | D:10     | Found a flagged portal.
 25819 | Bailey   | Entered a bailey
 26521 | D:10     | Found a transporter.
 26535 | D:10     | Found a bloodstained altar of Trog.
 26535 | D:10     | Noticed Pimp's ghost (journeyman DsFi)
 26547 | D:10     | Found a transporter.
 26807 | D:10     | Learned a level 6 spell: Eringya's Noxious Bog
 27726 | D:12     | Identified a scroll of acquirement
 27727 | D:12     | Acquired the +3 demon blade "Onwipnim" {venom, *Noise rElec
                  | rPois Int+4}
 28548 | D:12     | Identified the +1 robe of Repulsion {Int+2}
 29403 | D:13     | Reached XP level 15. HP: 73/106 MP: 23/26
 31645 | Lair:1   | Learned a level 1 spell: Apportation
 31807 | D:10     | Identified the ring "Jiesos" {rPois rF+ rCorr}
 32015 | D:7      | Killed Menkaure
 32038 | D:7      | Found Sirioq's Book Boutique.
 32098 | D:7      | Found a shimmering altar of Xom.
 32099 | D:7      | Found a glowing silver altar of Zin.
 32570 | D:7      | Found Sirioq's Book Boutique.
 32630 | D:7      | Found a shimmering altar of Xom.
 32631 | D:7      | Found a glowing silver altar of Zin.
 33454 | D:6      | Found a burning altar of Makhleb.
 33633 | D:6      | Found a hazy altar of Hepliaklqana.
 35992 | Lair:5   | Found a corrupted altar of Lugonu.
 36120 | Lair:5   | Found a one-way gate to the infinite horrors of the Abyss.
 36858 | Snake:1  | Entered Level 1 of the Snake Pit
 37142 | Snake:1  | Learned a level 2 spell: Lesser Beckoning
 37293 | Snake:1  | Found Hihunk's Weapon Shop.
 37455 | Snake:1  | Noticed Donald
 37465 | Snake:1  | Killed Donald
 37570 | Snake:1  | Reached skill level 10 in Transmutations
 37892 | Snake:1  | Found Edas's Weapon Boutique.
 38239 | Snake:1  | Reached XP level 16. HP: 99/114 MP: 28/28
 39170 | Snake:2  | Noticed Aizul
 39490 | Snake:2  | Killed Aizul
 39491 | Snake:2  | Reached skill level 10 in Shields
 39538 | Snake:2  | Noticed a nagaraja
 39550 | Snake:2  | Killed a nagaraja
 39602 | Snake:3  | Found a frozen archway.
 39602 | Snake:3  | Noticed Vashnia
 39611 | Snake:3  | Noticed Jorgrun
 39619 | Snake:3  | Killed Jorgrun
 39647 | Snake:3  | Killed Vashnia
 39656 | Snake:3  | Noticed Mlioglotl
 39677 | Snake:3  | Noticed a tentacled starspawn
 39679 | Snake:3  | Killed Mlioglotl
 39731 | IceCv    | Entered an ice cave
 41468 | Snake:2  | Reached XP level 17. HP: 75/119 MP: 17/29
 41752 | Snake:2  | Noticed Pacasmen's ghost (journeyman DsGl)
 41834 | Snake:2  | Found a transporter.
 41872 | Snake:2  | Found a transporter.
 42125 | Snake:2  | Identified the ring of Inafe {rC+ Str-4 Dex+6 SInv Stlth+}
 42392 | Snake:4  | Entered Level 4 of the Snake Pit
 42727 | Snake:4  | Noticed Nikola
 42739 | Snake:4  | Killed Nikola
 43628 | Snake:4  | Reached skill level 15 in Transmutations
 44136 | Snake:4  | Got a serpentine rune of Zot
 45188 | Orc:2    | Bought a manual of Stealth for 880 gold pieces
 45188 | Orc:2    | Bought a manual of Air Magic for 880 gold pieces
 45188 | Orc:2    | Bought a book of the Sky for 484 gold pieces
 45188 | Orc:2    | Bought a book of Air for 242 gold pieces
 45351 | Shoals:1 | Entered Level 1 of the Shoals
 45489 | Shoals:1 | Reached skill level 1 in Air Magic
 45763 | Shoals:1 | Got Sif Muna's Secrets of the Voyage
 46683 | Shoals:1 | Found Bifadi's Weapon Shoppe.
 47185 | Shoals:2 | Reached XP level 18. HP: 127/127 MP: 30/30
 47375 | Shoals:2 | Reached skill level 11 in Stealth
 47433 | Shoals:2 | Found Ejaamyan's One-of-a-Kind Rings.
 47731 | Shoals:2 | Bought a +7 ring of protection for 1552 gold pieces
 47976 | Shoals:2 | Reached skill level 5 in Summonings
 48685 | Shoals:3 | Noticed Polyphemus
 48701 | Shoals:3 | Found Wenodan's Assorted Antiques.
 48702 | Shoals:3 | Killed Polyphemus
 48743 | Shoals:3 | Reached skill level 12 in Stealth
 48816 | Shoals:3 | Bought a scroll of teleportation for 93 gold pieces
 48816 | Shoals:3 | Bought a scroll of vulnerability for 124 gold pieces
 48816 | Shoals:3 | Bought a scroll of enchant armour for 232 gold pieces
 48816 | Shoals:3 | Bought a potion of haste for 310 gold pieces
 49599 | Shoals:4 | Entered Level 4 of the Shoals
 49606 | Shoals:4 | Reached skill level 5 in Air Magic
 50334 | Shoals:4 | Reached skill level 13 in Stealth
 50352 | Shoals:4 | Identified the +7 dire flail of Defiance {vamp, rElec rC+}
 50735 | Shoals:4 | Got the Omnibus of Illusion and Virulence
 50748 | Shoals:4 | Identified the +7 long sword "Ceenaipn" {drain, rPois rN+
                  | MP-9 Dex+3}
 50961 | Shoals:4 | Got a barnacled rune of Zot
 51659 | Lair:3   | Killed Gymmif's ghost
 51668 | Lair:3   | Reached XP level 19. HP: 109/134 MP: 32/32
 51686 | Lair:3   | Identified the +10 great sword of Cheese {heavy, rPois rN+
                  | Int-3}
 51789 | Slime:1  | Entered Level 1 of the Pits of Slime
 51805 | Slime:1  | You fall into a shaft and drop 1 floor!
 52289 | Slime:2  | Reached skill level 14 in Stealth
 54899 | Slime:4  | Gained mutation: Your magical capacity is low. (-10% MP) [a
                  | shining eye]
 54906 | Slime:4  | Gained mutation: Your magical capacity is very low. (-20%
                  | MP) [a shining eye]
 54908 | Slime:4  | Gained mutation: You are occasionally teleported next to
                  | monsters. [a shining eye]
 54915 | Slime:4  | Noticed Dissolution
 55067 | Slime:3  | Reached skill level 15 in Stealth
 55401 | Slime:3  | Lost mutation: You are occasionally teleported next to
                  | monsters. [potion of mutation]
 55401 | Slime:3  | Lost mutation: Your magical capacity is very low. (-20% MP)
                  | [potion of mutation]
 55401 | Slime:3  | Lost mutation: Your magical capacity is low. (-10% MP)
                  | [potion of mutation]
 55401 | Slime:3  | Gained mutation: You are agile. (Dex +4, Str/Int -1)
                  | [potion of mutation]
 55401 | Slime:3  | Gained mutation: You possess an exceptional clarity of
                  | mind. [potion of mutation]
 55401 | Slime:3  | Gained mutation: Your mind is acute. (Int +4, Str/Dex -1)
                  | [potion of mutation]
 55436 | Slime:3  | Learned a level 7 spell: Storm Form
 55443 | Slime:3  | Gained mutation: Your body sometimes deteriorates upon
                  | taking damage. [mutagenic glow]
 55856 | Elf:1    | Entered Level 1 of the Elven Halls
 55856 | Elf:1    | Found a runed translucent gate.
 55856 | Elf:1    | Found a runed translucent gate.
 55856 | Elf:1    | Found a runed translucent gate.
 55856 | Elf:1    | Found a runed translucent gate.
 55856 | Elf:1    | Found a runed translucent gate.
 55856 | Elf:1    | Found a runed translucent gate.
 55857 | Elf:1    | Found a runed translucent door.
 55878 | Elf:1    | Found a runed translucent door.
 56404 | Elf:1    | Found a shimmering blue altar of Sif Muna.
 56545 | Elf:1    | Reached skill level 10 in Evocations
 56725 | Elf:1    | Found Sopuaxoown's Book Emporium.
 56851 | Elf:1    | Reached skill level 10 in Spellcasting
 57553 | Elf:2    | Found a huge runed gate.
 57554 | Elf:2    | Found a huge runed gate.
 57554 | Elf:2    | Found a huge runed gate.
 57554 | Elf:2    | Found a huge runed gate.
 57563 | Elf:1    | Reached skill level 16 in Stealth
 57573 | Abyss:2  | Cast into level 2 of the Abyss (a deep elf sorcerer)
 57731 | Abyss:2  | Paralysed by accursed screaming for 1 turns
 57776 | Abyss:2  | Gained mutation: You are very frail. (-20% HP) [a neqoxec]
 57779 | Abyss:2  | Lost mutation: You possess an exceptional clarity of mind.
                  | [a neqoxec]
 57782 | Abyss:2  | Reached XP level 20. HP: 32/128 MP: 31/34
 57954 | Abyss:2  | Noticed a pearl dragon
 57954 | Abyss:2  | Mangled by a tentacled starspawn

Illustrated notes

Levels and vault maps discovered:
D:1:      enne_arrival_octagon_isle, layout_loops_corners
D:2:      layout_basic
D:3:      layout_loops_corners, nicolae_gozag_zags_fifth_avenue,
          nicolae_qazlal_eye_of_the_storm, lemuel_coloured_pillars_altar,
          serial_shops, shop
D:4:      layout_loops_cross, serial_bayou_pond_d, uniq_pikel
D:5:      cheibrodos_two_vegetables, layout_rooms,
          mainiacjoe_overflow_six_doors_small, tgw_trog,
          minmay_temple_entry_statues_pillars, nicolae_ossuary_entry_giza,
          hangedman_decor_riveting
D:6:      layout_loops_ring, mainiacjoe_overflow_paths,
          mainiacjoe_overflow_boulevard, minmay_bent
D:7:      layout_loops_ring, grunt_temple_overflow_order_and_chaos_1,
          kennysheep_generic_room_11, uniq_menkaure
D:8:      layout_cave_pods, due_lair_maze_entry_diamond, serial_shops,
          kennysheep_mini, uniq_gastronok
D:9:      layout_gridville, grunt_temple_overflow_growth_and_decay,
          mainiacjoe_overflow_concentric_impassable,
          gammafunk_temple_overflow_pools, orc_david_3, uniq_grum
D:10:     layout_rooms, enter_bailey_2, gammafunk_ghost_wrathful_warriors,
          serial_shops, nicolae_shop_trees, special_room [special_room_bee],
          minivault_15, kennysheep_crisscross, minivault_16
D:11:     layout_basic, amcnicky_mini_rare_corridor_liquid
D:12:     layout_roguey
D:13:     layout_basic
D:14:     layout_basic, skrybe_vaults_entry_preservation,
          minmay_staircase_windowed_large
Temple:   nicolae_temple_two_arcs
Lair:1:   layout_chaotic_city, grunt_megastairs_1, infiniplex_staircase_pool,
          uniq_sonja
Lair:2:   layout_misc_corridors, nicolae_snake_entry_squirm, uniq_maggie
Lair:3:   layout_roguey, elwin_shoals_entry_rooms, ebering_ghost_funeral_grove,
          roderic_batcave, uniq_amaemon, uniq_kirke
Lair:4:   layout_cave_pods, slime_entry_1, special_room
          [special_room_mythical_zoo], infiniplex_staircase_pool_2
Lair:5:   hellmonk_lair_end_abyssal_woods, layout_hall_layers
Shoals:1: layout_shoals, serial_shops, shop, hangedman_shoal_volcano
Shoals:2: layout_shoals, nicolae_shop_unique_rings, nicolae_shoals_shepherds
Shoals:3: layout_shoals, serial_shops, shop, uniq_polyphemus
Shoals:4: shoals_end_grunt_garden, layout_shoals
Snake:1:  layout_gridlike, serial_shops, nicolae_shop_bloodbath_and_beyond,
          nicolae_triple_integral, minmay_shop_star, uniq_donald
Snake:2:  nrook_guardian_serpent_snake_passage, layout_misc_corridors,
          gammafunk_ghost_berserking_beasts, drop_trap, uniq_aizul
Snake:3:  layout_layer_cave, portal_ice_cave_entry_frozen_things, uniq_jorgrun,
          uniq_vashnia, uniq_mlioglotl
Snake:4:  snake_pit, layout_chambers, grunt_megastairs_2, uniq_nikola
Slime:1:  layout_caves
Slime:2:  layout_caves
Slime:3:  layout_caves
Slime:4:  layout_caves, uniq_dissolution
Orc:1:    layout_caves
Orc:2:    st_orc_elflike, layout_diamond_mine, basic_altar, uniq_azrael
Elf:1:    nicolae_elf_arrival_dilemma, layout_loops_corners, basic_altar,
          serial_shops, shop_fountains, minivault_28
Elf:2:    nicolae_elf_blades_crystal_corner, layout_rooms,
          gammafunk_ghost_door_vault, serial_shops, nicolae_shop_hallway_plus
Abyss:2:  base: Zot:3, minivault_5

Skill      XL: |  1  2  3  4  5  6  7  8  9 10 11 12 13 14 15 16 17 18 19 |
---------------+----------------------------------------------------------+-----
Stealth        | 2 3 4 5 7 8 10 13 16 | 16.4
Long Blades    | 3 4 5 6 7 9 |  9.0
Spellcasting   | 1 3 5 6 7 8 9 10 | 10.0
Ice Magic      | 1 4 5 |  5.0
Poison Magic   | 4 9 10 11 12 14 | 14.0
Throwing       | 1 |  1.0
Fighting       | 5 6 9 11 12 13 14 | 14.0
Dodging        | 5 6 9 11 12 13 14 | 14.1
Shields        | 5 6 10 11 12 | 12.0
Transmutations | 2 5 6 8 10 13 15 | 15.0
Evocations     | 2 6 7 8 10 | 10.0
Translocations | 1 3 |  3.0
Summonings     | 4 6 |  6.0
Air Magic      | 2 6 9 |  9.9

Action                     |  1- 3 |  4- 6 |  7- 9 | 10-12 | 13-15 | 16-18 | 19-21 || total
---------------------------+-------+-------+-------+-------+-------+-------+-------++-------
  Melee: Long sword        |    47 |   116 |   123 |       |       |       |       ||   286
         Tentacles         |    11 |    23 |    54 |    64 |   172 |   187 |    96 ||   607
         Constrict         |    10 |    23 |    45 |    61 |    73 |    85 |    23 ||   320
         Punch             |       |       |     5 |     5 |     7 |    14 |    14 ||    45
         Falchion          |       |       |    59 |   203 |       |       |       ||   262
         Scimitar          |       |       |       |    36 |   285 |       |       ||   321
         Demon blade       |       |       |       |       |   315 |   516 |   298 ||  1129
         Unarmed           |       |       |       |       |       |       |    71 ||    71
  Throw: Dart              |     4 |    36 |       |       |       |       |       ||    40
   Cast: Sting             |       |     2 |     7 |     5 |       |       |       ||    14
         Poisonous Vapours |       |     1 |    36 |    48 |     2 |       |       ||    87
         Ozocubu's Armour  |       |     1 |     7 |    13 |    40 |    15 |       ||    76
         Olgreb's Toxic Ra |       |       |     9 |   127 |   177 |    41 |    40 ||   394
         Alistair's Intoxi |       |       |       |    20 |    12 |     6 |       ||    38
         Blink             |       |       |       |    16 |    28 |     4 |     5 ||    53
         Summon Ice Beast  |       |       |       |     3 |    81 |     9 |     9 ||   102
         Eringya's Noxious |       |       |       |       |    40 |   146 |    37 ||   223
         Apportation       |       |       |       |       |    11 |       |       ||    11
         Lesser Beckoning  |       |       |       |       |     1 |    28 |     4 ||    33
         Storm Form        |       |       |       |       |       |       |     5 ||     5
 Invoke: Call Merchant     |       |       |       |     1 |     1 |       |       ||     2
         Potion Petition   |       |       |       |       |       |     8 |       ||     8
Ability: Blinkbolt         |       |       |       |       |       |       |     5 ||     5
  Evoke: Wand              |       |       |       |    18 |     6 |    12 |       ||    36
         Box of beasts     |       |       |       |     1 |     1 |     1 |       ||     3
         Piece from Xom's  |       |       |       |       |       |     5 |       ||     5
         Lightning rod     |       |       |       |       |       |     1 |       ||     1
    Use: Potion            |       |       |     3 |     1 |     3 |    18 |     2 ||    27
         Scroll            |       |       |       |    18 |    16 |    13 |     4 ||    51
   Stab: Sleeping          |    14 |    18 |     6 |     2 |    15 |     4 |     2 ||    61
         Distracted        |       |       |     1 |       |     5 |     1 |     7 ||    14
         Confused          |       |       |       |     1 |     3 |       |       ||     4
 Armour: Skin              |     6 |     3 |    23 |    14 |   108 |    64 |    34 ||   252
  Dodge: Dodged            |    19 |    42 |   113 |   135 |   477 |   405 |   231 ||  1422
  Block: Buckler           |     5 |    22 |    41 |    44 |   134 |       |       ||   246
         Kite shield       |       |       |       |       |    32 |   574 |   250 ||   856

Table legend: (Time is in decaauts)
 A = Elapsed time spent in this place.
 B = Non-inter-level travel time spent in this place.
 C = Inter-level travel time spent in this place.
 D = Time resting spent in this place.
 E = Time spent auto-exploring this place.
 F = Levels seen in this place.
 G = Mean time per level.
                   A        B        C        D        E       F      G
               +--------+--------+--------+--------+--------+-----+--------+
         Total |  60378 |  56691 |   3687 |   7929 |  36696 |  40 | 1509.4 |
       Dungeon |  22636 |  21115 |   1521 |   3111 |  13542 |  14 | 1616.9 |
        Temple |     96 |     86 |     10 |      0 |     82 |   1 |   96.0 |
          Lair |  11233 |  10001 |   1232 |   1590 |   6577 |   5 | 2246.6 |
        Shoals |   6548 |   6328 |    220 |   1113 |   3994 |   4 | 1637.0 |
     Snake Pit |   8628 |   8469 |    159 |    418 |   6373 |   4 | 2157.0 |
    Slime Pits |   4077 |   3901 |    176 |   1033 |   1838 |   4 | 1019.2 |
  Orcish Mines |   4014 |   3697 |    317 |    522 |   2357 |   2 | 2007.0 |
   Elven Halls |   1812 |   1762 |     50 |     11 |   1302 |   2 |  906.0 |
         Abyss |    389 |    389 |      0 |     95 |      1 |   1 |  389.0 |
       Ossuary |    476 |    476 |      0 |     35 |    312 |   1 |  476.0 |
        Bailey |    429 |    429 |      0 |      0 |    315 |   1 |  429.0 |
      Ice Cave |     33 |     33 |      0 |      0 |      0 |   1 |   33.0 |
               +--------+--------+--------+--------+--------+-----+--------+

Top non-repeatable levels by time:
  Lair:5: 3807 daAuts
   Orc:2: 2917 daAuts
     D:5: 2916 daAuts
 Snake:4: 2812 daAuts
     D:6: 2604 daAuts
     D:7: 2463 daAuts
 Snake:1: 2363 daAuts
     D:8: 2299 daAuts
  Lair:4: 2279 daAuts
  Lair:2: 2081 daAuts
     D:9: 1946 daAuts
 Snake:3: 1930 daAuts
  Lair:3: 1855 daAuts
    D:13: 1852 daAuts
Shoals:1: 1829 daAuts
